 Dungeon Crawl Stone Soup version 0.26-b1-32-g5d43845318 (webtiles) character file.

Game seed: 18331618616754058491

46856 sanka the Nimble (level 14, -2/99 HPs)
             Began as a Halfling Enchanter on Jan 8, 2021.
             Was a High Priest of Okawaru.
             Slain by a hell hound (5 damage)
             ... while petrified by a basilisk
             ... on level 6 of the Lair of Beasts on Jan 9, 2021.
             The game lasted 01:04:51 (25702 turns).

sanka the Nimble (Halfling Enchanter)              Turns: 25702, Time: 01:04:51

Health: -2/99      AC: 20    Str:  5    XL:     14   Next: 78%
Magic:  17/20      EV:  3    Int: 17    God:    Okawaru [*****.]
Gold:   1240       SH:  0    Dex: 21    Spells: 4/17 levels left

rFire    . . .     SeeInvis +   b - +11 quarterstaff "Eviscerator" {elec, rElec Str-3 Int+5}
rCold    . . .     Faith    .   (shield currently unavailable)
rNeg     + + +     Spirit   .   v - +6 acid dragon scales
rPois    ∞         Reflect  +   X - +1 helmet {SInv}
rElec    +         Harm     .   Q - +2 ratskin cloak {*Rats rPois rN+ Str-1 Int-1 Dex+1}
rCorr    +         Rampage  .   (no gloves)
Will     +....                  A - +2 pair of boots
Stlth    ++++......             R - amulet of reflection
HPRegen  0.26/turn              U - ring of wizardry
MPRegen  0.17/turn              H - +4 ring of evasion

@: petrified
A: small, mutation resistance 1
a: Renounce Religion, Heroism, Finesse


You were on level 6 of the Lair of Beasts.
You worshipped Okawaru.
Okawaru was extremely pleased with you.
You visited 6 branches of the dungeon, and saw 21 of its levels.
You also visited: Sewer and Ossuary.

You collected 1240 gold pieces.


Innate Abilities, Weirdness & Mutations

You are small and have problems with some larger weapons.
You are somewhat resistant to further mutation.


   Skills:
 + Level 10.9 Fighting
 - Level 5.0 Short Blades
 - Level 9.0 Staves
 + Level 14.1 Dodging
 - Level 8.0 Stealth
 - Level 2.0 Spellcasting
 - Level 8.0 Hexes
 - Level 2.0 Ice Magic
 - Level 8.0 Invocations


You had 4 spell levels left.
You knew the following spells:

 Your Spells              Type           Power        Failure   Level
x - Tukima's Dance        Hex            28%          1%          3
z - Ensorcelled Hibernat  Hex/Ice        36%          3%          2
Q - Cause Fear            Hex            14%          6%          4
X - Confusing Touch       Hex            28%          1%          3
Z - Corona                Hex            31%          1%          1

Your spell library contained the following spells:

 Spells                   Type           Power        Failure   Level
 Slow                     Hex            28%          1%          2
 Dazzling Flash           Conj/Hex       30%          10%         3
 Beastly Appendage        Tmut           2%           16%         1
 Magic Dart               Conj           4%           16%         1
 Blink                    Tloc           N/A          26%         2
 Call Imp                 Summ           1%           26%         2
 Wereblood                Tmut           1%           26%         2
 Conjure Flame            Conj/Fire      1%           43%         3
 Mephitic Cloud           Conj/Pois/Air  1%           43%         3
 Spider Form              Tmut/Pois      0%           43%         3
 Ice Form                 Ice/Tmut       5%           69%         4
 Silence                  Hex/Air        7%           63%         5
 Yara's Violent Unravell  Hex/Tmut       7%           63%         5
 Blade Hands              Tmut           0%           98%         5
 Discord                  Hex            14%          100%        8

Inventory:

Hand Weapons
 a - a +2 dagger of draining
 b - the +11 quarterstaff "Eviscerator" (weapon) {elec, rElec Str-3 Int+5} Occasionally, upon striking a foe, it can discharge electrical energy and cause terrible harm. It affects your strength (-3). It affects your intelligence (+5). It insulates you from electricity.
 q - a +1 dagger of venom
 G - a +0 hunting sling
 T - a +1 demon trident
Missiles
 e - 544 stones
 j - 69 poisoned darts
 B - 112 sling bullets
 D - 8 curare-tipped darts {=f}
 L - 9 throwing nets {=f}
Armour
 r - a +0 buckler
 s - the +2 helmet of Iffyr {rF- rC++ Regen+ Int+4}

   It affects your intelligence (+4).
   It makes you vulnerable to fire.
   It greatly protects you from cold.
   It increases your rate of regeneration.
 v - +6 acid dragon scales (worn)
 A - a +2 pair of boots (worn)
 Q - the +2 ratskin cloak (worn) {*Rats rPois rN+ Str-1 Int-1 Dex+1}

   It affects your strength (-1).
   It affects your intelligence (-1).
   It affects your dexterity (+1).
   It protects you from poison.
   It protects you from negative energy.
 X - a +1 helmet of see invisible (worn)
Magical Staves
 P - an uncursed staff of cold
Jewellery
 H - a +4 ring of evasion (right hand)
 R - an amulet of reflection (around neck)
 S - an uncursed ring of stealth
 U - a ring of wizardry (left hand)
Wands
 g - a wand of polymorph (15)
 m - a wand of iceblast (6)
 y - a wand of flame (50)
 z - a wand of acid (5)
 E - a wand of digging (8)
Scrolls
 c - 7 scrolls of teleportation {@r4}
 f - 4 scrolls of remove curse
 n - 9 scrolls of identify {@r1}
 o - 4 scrolls of magic mapping
 p - a scroll of fog
 u - 3 scrolls of blinking
 w - 5 scrolls of amnesia
 J - 2 scrolls of immolation {!r}
 K - 3 scrolls of vulnerability {!r}
 M - 3 scrolls of fear
 O - a scroll of enchant weapon
Potions
 d - a potion of invisibility {unknown}
 h - 3 potions of berserk rage {!q}
 i - 5 potions of heal wounds {@q2}
 k - 6 potions of flight
 l - 3 potions of lignification {!q}
 t - 10 potions of curing {@q1}
 x - 2 potions of mutation {unknown}
 C - 4 potions of attraction {unknown}
 F - 5 potions of might
 I - a potion of haste {unknown}
 N - a potion of brilliance {unknown}
 V - 3 potions of ambrosia {unknown}
Miscellaneous
 W - a lightning rod (4/4)

Dungeon Overview and Level Annotations

Branches:
Dungeon (11/15)            Temple (1/1) D:5            Lair (6/6) D:11
 Shoals (1/4) Lair:3        Snake (1/4) Lair:3        Slime (1/5) Lair:5
    Orc (0/2) D:9           Sewer (visited)         Ossuary (visited)

Altars:
Ashenzari
Cheibriados
Dithmenos
Elyvilon
Fedhas
Gozag
Hepliaklqana
Kikubaaqudgha
Makhleb
Nemelex Xobeh
Okawaru
Qazlal
Ru
Sif Muna
Trog
Uskayaw
Vehumet
Wu Jian
Xom
Yredelemnul
Zin
The Shining One

Shops:
D:6 (

Portals:
Hell: Lair:6

Annotations:
Lair:5 2 transporters, exclusion: 2 ice statues, rnawigator's ghost, journeyman OpTm

▒▒▒▒▒▒▒▒▒▒▒▒▒▒▒
≈≈#≈#≈4.4.....▒
###≈.4hph.....▒
≈#≈∩.434h_....+
≈#≈≈≈#h4......▒
#≈≈#≈≈≈≈≈.....▒
≈#≈≈≈##≈##≈▒▒▒▒
≈≈≈#≈###≈#≈≈
▒▒▒▒▒▒▒▒▒▒▒▒▒


You could see a sun demon, 2 orange demons, a hellwing, 3 ice devils and 4 hell
hounds.


Message History

* * * LOW HITPOINT WARNING * * *
The hell hound bites you but does no damage.
The hell hound bites you.
* * * LOW HITPOINT WARNING * * *
The hell hound bites you but does no damage.
The sun demon hits you but does no damage.
The ice devil hits you but does no damage.
The hellwing hits you.
* * * LOW HITPOINT WARNING * * *
The hellwing barely misses you.
The orange demon stings you but does no damage.
The ice devil hits you but does no damage.
The hell hound bites you but does no damage.
The hell hound completely misses you. The hell hound bites you.
* * * LOW HITPOINT WARNING * * *
The sun demon hits you!
* * * LOW HITPOINT WARNING * * *
You are engulfed in flames!!
* * * LOW HITPOINT WARNING * * *
The hell hound pauses to sniff the ground.
The hell hound bites you but does no damage.
The ice devil barely misses you.
The orange demon stings you but does no damage.
The ice devil hits you but does no damage.
The hell hound bites you but does no damage.
The hellwing hits you but does no damage.
The hellwing hits you but does no damage.
The hell hound bites you!
You die...

Action                   |  1- 3 |  4- 6 |  7- 9 | 10-12 | 13-15 || total
-------------------------+-------+-------+-------+-------+-------++-------
Melee: Dagger            |    55 |   145 |   305 |   270 |       ||   775
       Quarterstaff      |       |       |       |   544 |   620 ||  1164
       Unarmed           |       |       |       |    15 |    23 ||    38
 Fire: Hunting sling     |    40 |       |    12 |       |       ||    52
 Cast: Corona            |    16 |     3 |       |     1 |     5 ||    25
       Ensorcelled Hiber |     6 |    46 |    80 |    56 |       ||   188
       Confusing Touch   |       |     3 |    28 |    18 |       ||    49
       Cause Fear        |       |       |       |       |     2 ||     2
Invok: Heroism           |       |       |       |    22 |    21 ||    43
       Finesse           |       |       |       |     1 |     5 ||     6
Evoke: Wand              |       |       |     6 |     2 |       ||     8
  Use: Scroll            |       |     6 |    11 |    10 |     5 ||    32
       Potion            |       |       |     2 |       |       ||     2
 Stab: Sleeping          |     5 |    35 |    63 |    47 |    20 ||   170
       Confused          |       |     5 |    29 |    15 |       ||    49
       Distracted        |       |       |     1 |     6 |     3 ||    10
Armor: Robe              |    12 |    21 |    39 |       |       ||    72
       Acid dragon scale |       |       |    24 |   202 |   226 ||   452
Dodge: Dodged            |    73 |   107 |   187 |   668 |   537 ||  1572
Block: Other             |       |       |       |       |   109 ||   109
       Reflection        |       |       |       |       |     1 ||     1

Levels and vault maps discovered:
D:1:      dpeg_arrival_tiny_b, layout_basic
D:2:      layout_rooms, chequers_temple_overflow_statue_of_worship,
          xom_redecorated, minivault_25, st_stairs_8, minmay_stone_trees_large,
          evilmike_ruin_ashenzari, uniq_terence
D:3:      layout_loops_ring, nicolae_qazlal_style_of_elements,
          cheibrodos_sewer_entry_drain, lemuel_statue_altar
D:4:      layout_loops_corners, minmay_misc_feat_five, uniq_menkaure,
          uniq_eustachio, uniq_ijyb, uniq_sigmund
D:5:      layout_layer_cave, lemuel_crystal_altar, kennysheep_okawaru_gauntlet,
          overflow_temple_1_default, minmay_temple_entry_purple_smoke,
          basic_altar, grunt_decor_mini_mirrors, trog_book
D:6:      minmay_bubble_buster, layout_basic, kennysheep_little_box,
          serial_shops, nicolae_shop_competitors_out_of_business,
          enter_ossuary_3, nicolae_dithmenos_the_darkroom, uniq_maggie,
          uniq_duvessa
D:7:      layout_gridville
D:8:      wander_guarded_unrand_ratskin, layout_basic,
          fedhas_altar_decomposition, trog_three_pillars_becter
D:9:      layout_irregular_city, pdpol_wu_jian_five_deadly_venoms,
          zombieorc1_lemuel, uniq_harold, uniq_maurice, uniq_grum
D:10:     layout_layer_cave
D:11:     layout_rooms, david_lair_generic
Temple:   jpeg_temple_clearing
Lair:1:   minmay_lair_oklob_tunnel, layout_concentric_octagons, serial_rivers,
          chequers_serial_rivers_micro_d, chequers_serial_rivers_micro_d,
          chequers_serial_rivers_room_b, chequers_serial_rivers_small_a,
          chequers_serial_rivers_room_a, uniq_nergalle
Lair:2:   layout_roguey, basic_altar
Lair:3:   layout_regular_city, minmay_shoals_entry_beasts,
          minmay_snake_entry_six_corridors, kennysheep_basilisk_garden,
          uniq_urug
Lair:4:   layout_cellular_growth, kennysheep_snail_temple, grunt_megastairs_2,
          lemuel_fruit_tree
Lair:5:   layout_roguey, minmay_slime_entry_jelly_boxes, nzn_ghost_randoct,
          grunt_megastairs_5
Lair:6:   evil_forest, layout_gridlike, basic_altar, minmay_lair_oklob_bushes,
          uniq_kirke
Shoals:1: layout_shoals, serial_shops, shop
Snake:1:  layout_gridlike, serial_bayou_shore_a, grunt_megastairs_1
Slime:1:  layout_caves

Notes
Turn   | Place    | Note
-------+----------+-------------------------------------------
     0 | D:1      | sanka the Halfling Enchanter began the quest for the Orb.
     0 | D:1      | Reached XP level 1. HP: 11/11 MP: 3/3
   139 | D:1      | HP: 1/11 [hobgoblin (2)]
   479 | D:1      | Reached skill level 2 in Spellcasting
   483 | D:1      | Reached XP level 2. HP: 16/17 MP: 1/5
   525 | D:1      | Learned a level 2 spell: Ensorcelled Hibernation
  1015 | D:1      | Reached skill level 3 in Hexes
  1015 | D:1      | Reached XP level 3. HP: 19/21 MP: 6/6
  1999 | D:2      | Found a shimmering altar of Xom.
  1999 | D:2      | Noticed Terence
  2001 | D:2      | Reached XP level 4. HP: 27/27 MP: 7/7
  2007 | D:1      | Learned a level 3 spell: Confusing Touch
  2283 | D:2      | Found a broken altar of Ashenzari.
  2512 | D:2      | Found a shimmering altar of Xom.
  2513 | D:2      | Found a shimmering altar of Xom.
  2531 | D:2      | Found a shimmering altar of Xom.
  2924 | D:2      | Found a basalt altar of Yredelemnul.
  2950 | D:2      | Reached skill level 4 in Hexes
  3131 | D:2      | Found a sparkling altar of Nemelex Xobeh.
  3496 | D:2      | Killed Terence
  3497 | D:2      | Reached skill level 4 in Stealth
  3497 | D:2      | Reached XP level 5. HP: 25/31 MP: 1/8
  3804 | D:3      | Found a stormy altar of Qazlal.
  3807 | D:3      | Noticed a fire elemental
  3807 | D:3      | Noticed an air elemental
  3807 | D:3      | Noticed a water elemental
  3894 | D:3      | Reached skill level 2 in Short Blades
  4000 | D:3      | Found a glowing drain.
  4039 | Sewer    | Entered a sewer
  4066 | Sewer    | Noticed Purgy
  4080 | Sewer    | Killed Purgy
  4081 | Sewer    | Reached skill level 3 in Short Blades
  4081 | Sewer    | Reached skill level 5 in Stealth
  4081 | Sewer    | Reached XP level 6. HP: 33/36 MP: 6/9
  5082 | D:3      | Found a stormy altar of Qazlal.
  5331 | D:4      | Noticed an ogre
  5345 | D:4      | Killed an ogre
  5346 | D:4      | Reached skill level 4 in Short Blades
  5346 | D:4      | Reached XP level 7. HP: 41/41 MP: 0/10
  5456 | D:4      | Noticed Menkaure
  5479 | D:4      | Killed Menkaure
  5480 | D:4      | Reached skill level 6 in Stealth
  5692 | D:4      | Reached skill level 5 in Short Blades
  6085 | D:4      | Noticed Eustachio
  6091 | D:4      | Killed Eustachio
  6092 | D:4      | Reached skill level 7 in Stealth
  6175 | D:4      | Reached XP level 8. HP: 46/46 MP: 11/11
  6348 | D:4      | Noticed Ijyb
  6350 | D:4      | Killed Ijyb
  6394 | D:4      | Noticed Sigmund
  6397 | D:4      | Killed Sigmund
  6398 | D:4      | Reached skill level 8 in Stealth
  6956 | D:5      | Entered Level 5 of the Dungeon
  6971 | D:5      | Reached skill level 5 in Hexes
  7100 | D:5      | Found a staircase to the Ecumenical Temple.
  7243 | Temple   | Entered the Ecumenical Temple
  7327 | Temple   | Became a worshipper of Ru the Awakened
  7701 | D:5      | Found an ancient bone altar of Kikubaaqudgha.
  7811 | D:5      | Found a stormy altar of Qazlal.
  7973 | D:5      | Found a bloodstained altar of Trog.
  8023 | D:5      | Found a glowing golden altar of the Shining One.
  8027 | D:5      | Found an iron altar of Okawaru.
  8359 | D:6      | Found a shadowy altar of Dithmenos.
  8449 | D:6      | Reached skill level 6 in Hexes
  8534 | D:6      | Found a sand-covered staircase.
  8541 | Ossuary  | Entered an ossuary
  8584 | Ossuary  | Reached XP level 9. HP: 33/51 MP: 1/12
  9378 | D:6      | Reached skill level 7 in Hexes
  9543 | D:5      | Fell from the grace of Ru
  9543 | D:5      | Became a worshipper of Warmaster Okawaru
  9790 | D:6      | Identified +0 acid dragon scales
  9790 | D:6      | Noticed Maggie
  9797 | D:6      | Killed Maggie
  9957 | D:6      | Found a hazy altar of Hepliaklqana.
 10033 | D:6      | Reached skill level 8 in Hexes
 10033 | D:6      | Reached skill level 1 in Ice Magic
 10176 | D:6      | Reached skill level 2 in Ice Magic
 10189 | D:6      | Reached skill level 3 in Dodging
 10540 | D:6      | Reached skill level 4 in Dodging
 10585 | D:6      | Reached * piety under Okawaru
 10592 | D:6      | Noticed Duvessa
 10593 | D:6      | Noticed Dowan
 10632 | D:6      | Killed Duvessa
 10633 | D:6      | Reached skill level 5 in Dodging
 10654 | D:6      | Killed Dowan
 10780 | D:6      | Found Vurimn's Antique Weapon Shop.
 10974 | D:7      | Reached skill level 1 in Invocations
 11065 | D:6      | Reached XP level 10. HP: 45/56 MP: 0/13
 11334 | D:7      | Reached skill level 2 in Invocations
 11338 | D:7      | Reached skill level 6 in Dodging
 11812 | D:7      | Reached skill level 3 in Invocations
 12037 | D:7      | Reached skill level 7 in Dodging
 12037 | D:7      | Reached skill level 4 in Invocations
 12184 | D:7      | Reached ** piety under Okawaru
 12238 | D:8      | Reached skill level 8 in Dodging
 12423 | D:8      | Found a bloodstained altar of Trog.
 12552 | D:8      | Found the +2 ratskin cloak {*Rats rPois rN+ Str-1 Int-1
                  | Dex+1}
 13261 | D:8      | Identified the +11 quarterstaff "Eviscerator" {elec, rElec
                  | Str-3 Int+5}
 13330 | D:8      | Found a blossoming altar of Fedhas.
 13565 | D:8      | Reached skill level 9 in Dodging
 14072 | D:9      | Reached skill level 10 in Dodging
 14176 | D:9      | Reached *** piety under Okawaru
 14177 | D:9      | Reached skill level 1 in Fighting
 14274 | D:9      | Reached skill level 2 in Fighting
 14294 | D:9      | Noticed Grum
 14309 | D:9      | Killed Grum
 14310 | D:9      | Reached XP level 11. HP: 59/64 MP: 12/14
 14311 | D:9      | Reached skill level 1 in Staves
 14332 | D:9      | Reached skill level 3 in Fighting
 14348 | D:9      | Reached skill level 2 in Staves
 14361 | D:9      | Found a staircase to the Orcish Mines.
 14700 | D:9      | Noticed Harold
 14714 | D:9      | Killed Harold
 14715 | D:9      | Reached skill level 4 in Fighting
 14715 | D:9      | Reached skill level 3 in Staves
 14855 | D:9      | Noticed Maurice
 14880 | D:9      | Killed Maurice
 15012 | D:9      | Reached **** piety under Okawaru
 15017 | D:9      | Reached skill level 5 in Fighting
 15017 | D:9      | Reached skill level 4 in Staves
 15172 | D:9      | Found an ornate altar of the Wu Jian Council.
 15438 | D:10     | Entered Level 10 of the Dungeon
 16056 | D:10     | Identified a +2 robe of the Archmagi
 16462 | D:11     | Noticed a red ugly thing
 16473 | D:11     | Killed a red ugly thing
 16509 | D:11     | Reached skill level 5 in Staves
 16515 | D:11     | Reached skill level 6 in Fighting
 16608 | D:11     | Noticed a two-headed ogre
 16629 | D:11     | Killed a two-headed ogre
 16629 | D:11     | Reached ***** piety under Okawaru
 16673 | D:11     | Reached skill level 6 in Staves
 16673 | D:11     | Reached XP level 12. HP: 61/79 MP: 12/15
 16880 | D:11     | Reached skill level 7 in Staves
 17154 | D:11     | Found a staircase to the Lair.
 17367 | Lair:1   | Entered Level 1 of the Lair of Beasts
 17444 | Lair:1   | Reached skill level 8 in Staves
 17447 | Lair:1   | Received a gift from Okawaru
 17527 | Lair:1   | Noticed Nergalle
 17543 | Lair:1   | Killed Nergalle
 17783 | Lair:1   | Reached skill level 9 in Staves
 18393 | Lair:1   | Received a gift from Okawaru
 18394 | Lair:1   | Reached skill level 5 in Invocations
 18658 | Lair:1   | Got a transparent trident {god gift}
 18659 | Lair:1   | Identified the +8 trident "Zux Tagajy" {freeze, Int-4
                  | Dex+7} (Okawaru gifted it to you on level 1 of the Lair of
                  | Beasts)
 18798 | Lair:2   | Learned a level 3 spell: Tukima's Dance
 18803 | Lair:2   | Learned a level 4 spell: Cause Fear
 18815 | Lair:2   | Found a stormy altar of Qazlal.
 18915 | Lair:2   | Reached XP level 13. HP: 81/85 MP: 17/17
 19142 | Lair:2   | Reached skill level 7 in Fighting
 19289 | Lair:2   | Reached skill level 6 in Invocations
 19548 | Lair:3   | Found a staircase to the Shoals.
 19563 | Lair:3   | Reached skill level 11 in Dodging
 20179 | Lair:3   | Reached skill level 7 in Invocations
 20183 | Lair:3   | Received a gift from Okawaru
 20296 | Lair:3   | Noticed a six-headed hydra
 20325 | Lair:3   | Found a staircase to the Snake Pit.
 20714 | Lair:3   | Noticed Urug
 20726 | Lair:3   | Killed Urug
 20818 | Lair:3   | Reached skill level 8 in Fighting
 20912 | Lair:3   | Killed a six-headed hydra
 21269 | Lair:3   | Noticed a five-headed hydra
 21280 | Lair:3   | Killed a five-headed hydra
 21431 | Lair:4   | Noticed an eight-headed hydra
 21805 | Lair:3   | Killed an eight-headed hydra
 21858 | Shoals:1 | Entered Level 1 of the Shoals
 21895 | Snake:1  | Entered Level 1 of the Snake Pit
 22125 | Lair:4   | Found a snail-covered altar of Cheibriados.
 22132 | Lair:4   | Reached skill level 8 in Invocations
 22203 | Lair:4   | Reached skill level 12 in Dodging
 22649 | Lair:4   | Noticed a seven-headed hydra
 22661 | Lair:4   | Killed a seven-headed hydra
 22662 | Lair:4   | Reached skill level 9 in Fighting
 22760 | Lair:4   | Reached XP level 14. HP: 97/97 MP: 20/20
 23291 | Lair:5   | Received a gift from Okawaru
 23627 | Lair:5   | Reached skill level 13 in Dodging
 23697 | Lair:5   | Found a staircase to the Slime Pits.
 23894 | Lair:5   | Found a transporter.
 23915 | Lair:5   | Noticed rnawigator's ghost (journeyman OpTm)
 23932 | Lair:5   | Found a transporter.
 23959 | Lair:5   | Reached skill level 10 in Fighting
 24335 | Lair:5   | Got an amethyst-encrusted chain mail
 24346 | Lair:5   | Identified the cursed +0 chain mail of Summertime {SInv}
                  | (You found it on level 5 of the Lair of Beasts)
 24396 | Slime:1  | Entered Level 1 of the Pits of Slime
 24396 | Slime:1  | Noticed an azure jelly
 24415 | Lair:6   | Entered Level 6 of the Lair of Beasts
 24539 | Lair:6   | Reached ****** piety under Okawaru
 24539 | Lair:6   | Received a gift from Okawaru
 24585 | Lair:6   | Noticed Kirke
 24595 | Lair:6   | Noticed a sphinx
 24716 | Lair:6   | Noticed a sphinx
 24717 | Lair:6   | Killed Kirke
 24956 | Lair:6   | Found a hazy altar of Hepliaklqana.
 25026 | Lair:6   | Got a glimmering helmet
 25217 | Lair:6   | Identified the +2 helmet of Iffyr {rF- rC++ Regen+ Int+4}
                  | (You found it on level 6 of the Lair of Beasts)
 25484 | Lair:5   | Reached skill level 14 in Dodging
 25697 | Lair:6   | Found a burning altar of Makhleb.
 25697 | Lair:6   | Found a gateway to Hell.
 25702 | Lair:6   | HP: 3/99 [sun demon (9)]
 25702 | Lair:6   | Slain by a hell hound

Vanquished Creatures
  Kirke (Lair:6)
  Harold (D:9)
  6 hydras
  A two-headed ogre (D:11)
  A death yak (Lair:5)
  Urug (Lair:3)
  Nergalle (Lair:1)
  A lindwurm (Lair:5)
  A manticore (Lair:3)
  5 oklob plants
  2 ugly things (D:11)
  Maurice (D:9)
  An elephant (D:11)
  4 black mambas
  2 gargoyles (D:11)
  Maggie (D:6)
  12 cane toads
  6 torpor snails
  7 rime drakes
  7 komodo dragons
  2 trolls
  A wind drake (Lair:3)
  2 polar bears
  5 blink frogs (Lair:5)
  3 wyverns
  Sigmund (D:4)
  3 shadows (D:9)
  5 hogs
  A wraith (D:8)
  34 yaks
  A vampire (D:9)
  Eustachio (D:4)
  6 basilisks
  Menkaure (D:4)
  Grum (D:9)
  19 water moccasins
  Duvessa (D:6)
  2 ice beasts
  Purgy (Sewer)
  An eye of draining (D:11)
  3 sky beasts
  2 phantoms
  5 orc warriors
  9 black bears
  6 ogres
  4 necrophages
  5 centaurs
  33 wolves
  A big kobold (D:7)
  17 bullfrogs
  A gnoll sergeant (D:11)
  Dowan (D:6)
  A scorpion (D:7)
  A water moccasin zombie (D:8)
  A wyvern skeleton (D:6)
  A troll zombie (D:9)
  7 wights
  2 howler monkeys
  A centaur zombie (Ossuary)
  21 jellies
  2 quasits
  3 bullfrog zombies
  3 hounds
  5 orc priests
  4 centaur skeletons
  Ijyb (D:4)
  A hell rat (D:8)
  3 worker ants
  2 iguanas
  5 orc wizards
  Terence (D:2)
  A killer bee zombie (D:7)
  5 ogre zombies (D:9)
  2 hound zombies
  2 hound skeletons
  4 mummies (Ossuary)
  2 howler monkey skeletons
  7 gnolls
  6 river rats (D:8)
  18 adders
  3 shadow imps
  4 white imps
  An adder zombie (D:8)
  2 adder skeletons
  2 worms
  3 dart slugs
  10 leopard geckos
  42 orcs
  4 giant cockroaches
  A gnoll zombie (Ossuary)
  12 goblins
  11 hobgoblins
  16 jackals
  19 kobolds
  6 quokkas
  2 ball pythons
  9 bats
  6 frilled lizards
  A goblin skeleton (D:9)
  3 goblin zombies
  2 hobgoblin skeletons (D:9)
  2 hobgoblin zombies (D:9)
  A jackal zombie (D:5)
  A kobold zombie (Ossuary)
  2 leopard gecko skeletons
  3 orc skeletons (D:9)
  13 orc zombies
  A quokka skeleton (D:6)
  A quokka zombie (D:8)
  22 rats
  A bush (Lair:6)
558 creatures vanquished.

Vanquished Creatures (collateral kills)
  A water moccasin (Lair:4)
1 creature vanquished.

Vanquished Creatures (others)
  A human (Lair:6)
  A yak (Lair:6)
  An ogre (D:11)
  2 bushes (D:8)
  35 fungi
  67 plants
107 creatures vanquished.

Grand Total: 666 creatures vanquished

Table legend: (Time is in decaauts)
 A = Elapsed time spent in this place.
 B = Non-inter-level travel time spent in this place.
 C = Inter-level travel time spent in this place.
 D = Time resting spent in this place.
 E = Time spent auto-exploring this place.
 F = Levels seen in this place.
 G = Mean time per level.
                   A        B        C        D        E       F      G
               +--------+--------+--------+--------+--------+-----+--------+
         Total |  25399 |  24338 |   1061 |   8003 |  10657 |  23 | 1104.3 |
       Dungeon |  16243 |  15535 |    708 |   5572 |   6301 |  11 | 1476.6 |
        Temple |     99 |     82 |     17 |      0 |     80 |   1 |   99.0 |
          Lair |   8148 |   7813 |    335 |   2026 |   4104 |   6 | 1358.0 |
        Shoals |      6 |      6 |      0 |      0 |      0 |   1 |    6.0 |
     Snake Pit |      6 |      6 |      0 |      0 |      0 |   1 |    6.0 |
    Slime Pits |      1 |      1 |      0 |      0 |      0 |   1 |    1.0 |
         Sewer |    330 |    330 |      0 |    104 |     48 |   1 |  330.0 |
       Ossuary |    562 |    562 |      0 |    301 |    123 |   1 |  562.0 |
               +--------+--------+--------+--------+--------+-----+--------+

Top non-repeatable levels by time:
     D:1: 2165 daAuts
     D:6: 2094 daAuts
  Lair:3: 2073 daAuts
     D:4: 1909 daAuts
     D:8: 1725 daAuts
     D:2: 1644 daAuts
     D:9: 1387 daAuts
  Lair:1: 1321 daAuts
  Lair:4: 1292 daAuts
  Lair:5: 1268 daAuts
     D:7: 1209 daAuts
     D:3: 1164 daAuts
  Lair:2: 1128 daAuts
  Lair:6: 1065 daAuts
     D:5: 1033 daAuts
